Map: New Repugnancy LE

Players

SandboX - Winner!

  • Race: Zerg Zerg
  • League: Gold
  • Spawn Location: 7:00

Game

  • Race: Terran Terran
  • Spawn Location: 1:00

VOD

Have the link to the VOD?

Description

Time

  • Played on: Aug. 10, 2019, 3:01 p.m.
  • Length: 22:52
Show
View Real Time Build Order
Export as new Build Order

SandboX Zerg - Winner!

Build Orders: Hatch First 

Get SALT Encoding   

  12  0:04  Drone  
  13  0:15  Overlord  
  13  0:24  Drone  
  14  0:37  Drone x3  
  17  0:57  Drone  
  17  1:00  Drone  
  17  1:02  Hatchery  
  17  1:03  Extractor  
  18  1:11  Drone  
  18  1:21  Spawning Pool  
  17  1:26  Drone  
  18  1:33  Drone  
  19  1:42  Overlord  
  19  1:52  Drone  
  20  2:08  Zergling x2  
  20  2:14  Queen  
  20  2:15  Queen  
  23  2:17  Drone  
  23  2:18  Metabolic Boost  
  23  2:22  Drone  
  27  2:27  Drone x2  
  29  2:36  Drone  
  30  2:37  Drone  
  31  2:50  Hatchery  
  30  2:57  Drone x3  
  33  3:02  Overlord  
  33  3:14  Overlord x2  
  33  3:20  Drone x2  
  33  3:24  Drone  
  33  3:26  Drone x3  
  39  3:27  Drone  
  39  3:29  Drone  
  41  3:35  Queen  
  43  3:47  Roach Warren  
  42  3:58  Extractor  
  42  4:00  Extractor  
  40  4:09  Spore Crawler  
  39  4:11  Spore Crawler  
  38  4:17  Drone x9  
  38  4:18  Drone x4  
  38  4:19  Overlord  
  51  4:26  Drone  
  52  4:33  Lair  
  52  4:38  Evolution Chamber  
  52  4:43  Evolution Chamber  
  50  4:49  Spine Crawler  
  49  4:53  Spine Crawler  
  49  4:56  Drone x3  
  49  4:57  Drone x4  
  55  5:06  Drone x5  
  60  5:14  Drone x4  
  64  5:17  Drone x2  
  66  5:24  Extractor  
  66  5:25  Extractor  
  64  5:29  Extractor  
  64  5:31  Spore Crawler  
  64  5:35  Spore Crawler  
  61  5:37  Roach x2  
  61  5:38  Overlord  
  61  5:39  Overlord x2  
  65  5:45  Zerg Ground Armor Level 1, Zerg Missile Weapons Level 1  
  65  5:54  Drone  
  66  6:05  Drone x5  
  66  6:06  Drone  
  66  6:08  Roach x6  
  84  6:12  Glial Reconstitution  
  84  6:21  Roach x3  
  90  6:33  Overlord x4  
  90  7:02  Roach x16  
  90  7:04  Overlord x2  
  90  7:06  Overlord  
  122  7:33  Hatchery  
  121  7:46  Roach x10  
  141  7:54  Zerg Ground Armor Level 2, Zerg Missile Weapons Level 2  
  141  7:55  Hydralisk Den  
  131  8:01  Roach x8  
  103  8:07  Roach x2  
  103  8:11  Queen  
  109  8:21  Roach  
  109  8:22  Roach x4  
  109  8:25  Hydralisk  
  121  8:38  Hydralisk  
  121  8:39  Hydralisk x2  
  125  8:42  Overlord x3  
  125  8:43  Overlord  
  125  8:54  Hydralisk  
  127  8:57  Overlord x4  
  127  9:07  Hydralisk x5  
  133  9:16  Hydralisk x4  
  141  9:30  Overlord x4  
  141  9:32  Drone x6  
  141  9:33  Drone x2  
  141  9:37  Roach x4  
  157  9:50  Overseer x4  
  157  9:55  Hydralisk x4  
  157  9:57  Overlord  
  165  10:17  Hydralisk, Roach x6  
  165  10:18  Hydralisk x3  
  185  10:32  Extractor  
  185  10:34  Extractor  
  181  10:42  Roach x12  
  191  10:44  Overlord x2  
  191  10:45  Overlord  
  171  11:00  Hydralisk, Roach x8  
  171  11:03  Overlord  
  99  11:51  Roach x14  
  127  12:12  Evolution Chamber  
  127  12:14  Tunneling Claws, Muscular Augments  
  126  12:18  Hatchery  
  125  12:30  Hydralisk x13  
  125  12:31  Hydralisk x5  
  125  12:35  Overseer  
  161  12:44  Hydralisk  
  161  12:45  Hydralisk x4  
  171  13:10  Hatchery  
  170  13:27  Hydralisk x9  
  170  13:28  Hydralisk  
  190  13:40  Drone x2  
  192  13:42  Drone x6  
  198  13:56  Infestation Pit  
  195  14:37  Roach x19  
  119  15:04  Roach x22  
  163  15:21  Drone x9  
  169  15:22  Drone x2  
  169  15:23  Drone  
  175  15:28  Hive  
  175  15:33  Infestor  
  175  15:34  Infestor x4  
  185  15:45  Extractor  
  185  15:47  Extractor  
  183  15:50  Hydralisk x7  
  193  16:15  Hydralisk  
  195  16:18  Overlord  
  195  16:19  Overlord x8  
  119  17:24  Roach x24  
  119  17:25  Roach x2  
  119  17:29  Roach x13  
  187  17:30  Roach x11  
  189  18:05  Extractor  
  189  18:06  Hydralisk  
  189  18:07  Hydralisk x5, Extractor  
  159  18:23  Hydralisk x8  
  159  18:24  Hydralisk x15  
  191  18:30  Hydralisk x3  
  195  19:09  Hatchery  
  194  19:10  Hydralisk x3  
  194  19:16  Zerg Ground Armor Level 3, Zerg Missile Weapons Level 3  
  200  19:27  Hydralisk  
  142  19:42  Hydralisk x10  
  142  19:43  Roach x8  
  142  19:44  Roach x10  
  168  19:55  Queen x6  
  156  20:28  Hydralisk, Roach x11  
  164  20:29  Hydralisk x7  
  164  20:31  Queen  
  196  20:53  Spire  
  195  21:04  Spire  
  194  21:17  Hydralisk x3  
  168  22:25  Roach x16  
  168  22:26  Zergling x2, Roach x5  
Show
View Real Time Build Order
Export as new Build Order

Game Terran 

Build Orders: Mech 

Get SALT Encoding   

  12  0:01  SCV  
  13  0:13  SCV  
  14  0:21  Supply Depot  
  14  0:25  SCV  
  15  0:30  Refinery  
  15  0:45  SCV, Barracks  
  16  0:58  SCV  
  17  1:14  SCV  
  17  1:15  Supply Depot  
  18  1:26  Refinery  
  18  1:31  Orbital Command  
  18  1:33  Marine  
  19  1:57  SCV  
  20  2:08  Command Center  
  20  2:13  SCV  
  21  2:21  Factory  
  21  2:30  SCV  
  21  2:32  Marine  
  23  2:43  Bunker  
  23  2:52  Marine  
  23  2:53  SCV  
  25  3:01  Engineering Bay  
  25  3:09  Marine  
  25  3:10  Factory Tech Lab  
  26  3:20  Supply Depot  
  26  3:25  Orbital Command  
  26  3:26  SCV  
  27  3:36  Siege Tank  
  31  3:41  SCV  
  31  3:56  SCV x2  
  33  4:08  Siege Tank, SCV x2  
  38  4:15  Missile Turret  
  38  4:23  Infernal Pre-Igniter  
  38  4:29  Factory  
  38  4:32  SCV  
  38  4:37  Missile Turret  
  39  4:43  SCV  
  39  4:45  SCV  
  41  4:48  Supply Depot  
  41  5:04  Factory  
  41  5:08  SCV x2  
  43  5:14  Supply Depot  
  43  5:15  Refinery  
  43  5:18  Factory Reactor  
  43  5:31  Factory x2  
  43  5:33  SCV x2  
  45  5:45  SCV x2, Supply Depot  
  45  5:48  Refinery  
  47  5:52  Supply Depot  
  47  5:55  Factory Tech Lab  
  47  6:01  Hellion x2  
  51  6:07  Armory  
  51  6:12  Siege Tank  
  54  6:27  SCV x2  
  56  6:34  Factory Reactor  
  56  6:35  Factory Tech Lab  
  56  6:54  Missile Turret, Armory  
  56  6:55  SCV x2  
  56  6:58  Thor  
  56  7:01  Thor  
  64  7:02  Thor  
  64  7:04  Hellbat x2  
  80  7:22  Command Center  
  80  7:23  Smart Servos  
  80  7:31  Hellbat  
  80  7:32  Hellbat  
  80  7:33  Hellbat  
  86  7:39  Hellbat  
  86  7:41  Supply Depot  
  87  8:04  Supply Depot  
  87  8:15  Hellbat x3  
  93  8:25  Thor  
  93  8:26  Hellbat  
  101  8:32  Supply Depot  
  99  8:35  Thor  
  95  8:46  Thor  
  95  8:47  Hellbat  
  95  8:48  Hellbat x3  
  87  9:11  Hellbat  
  87  9:12  Thor, Hellbat x3  
  87  9:16  Terran Vehicle Weapons Level 1  
  101  9:17  Terran Vehicle And Ship Armor Level 1  
  101  9:58  Thor x2  
  117  10:00  Hellbat x2  
  117  10:02  Command Center  
  117  10:30  Supply Depot  
  117  10:31  Thor, Hellbat x2  
  74  10:54  Hellbat, Supply Depot  
  74  10:55  Hellbat x3  
  63  11:22  Hellbat x4  
  63  11:23  Thor  
  63  11:24  Thor  
  79  11:53  Command Center  
  79  12:22  Hellbat x4  
  87  12:25  Command Center  
  87  12:37  Terran Vehicle Weapons Level 2  
  87  12:48  Siege Tank  
  90  12:53  Siege Tank  
  93  13:14  Hellbat x2  
  93  13:16  Hellbat x2  
  100  13:57  SCV  
  101  14:09  SCV  
  102  14:10  Hellbat x2  
  102  14:11  Hellbat x2  
  102  14:12  Thor x2  
  122  14:21  SCV  
  123  14:27  Terran Vehicle And Ship Armor Level 2  
  71  14:52  Hellbat  
  71  14:53  Hellbat x3  
  74  15:07  SCV  
  74  15:19  SCV  
  81  15:21  Hellbat x4  
  81  15:22  Thor x2  
  95  15:31  SCV  
  96  15:49  Command Center  
  96  16:01  Hellbat x4  
  96  16:04  Planetary Fortress  
  97  16:19  Thor x2  
  103  16:56  Hellbat x3  
  103  16:57  Hellbat  
  102  17:34  Thor x2, Hellbat x4  
  115  18:01  Hellbat x2  
  69  18:33  Hellbat x2  
  53  18:57  Hellbat x2  
Tags
 
Composition
Mech
League
Gold
Matchup
TvZ
Spawn Locations
Cross Positions
Add a new tag
Caveats
  • Supply blocks, unpowered buildings, or Contaminate may cause inaccurate times.
  • Supply counts are checked every 10 seconds.